 Dungeon Crawl Stone Soup version 0.31-a0-1074-g0b22e4e0f1 (webtiles) character file.

Game seed: 13749052196244244348

96670 Jeffwins the Geomancer (level 15, -2/127 HPs)
             Began as a Troll Earth Elementalist on Dec 1, 2023.
             Was the Champion of Vehumet.
             Slain by Kirke
             ... wielding a staff of fire
              (21 damage)
             ... on level 13 of the Dungeon.
             The game lasted 01:10:34 (22125 turns).

Jeffwins the Geomancer (Troll Earth Elementalist)  Turns: 22125, Time: 01:10:35

Health: -2/127     AC:  0    Str: 20    XL:     15   Next: 69%
Magic:  25/25      EV: 14    Int: 17    God:    Vehumet [******]
Gold:   1086       SH:  0    Dex: 10    Spells: 4/28 levels left

rFire   . .          .
                       - Unarmed
rCold   . . .        (shield currently unavailable)
rNeg    . . .        a - melded +2 robe {rC+ rF+}
rPois   .            (helmet currently unavailable)
rElec   .            N - melded +1 cloak {Will+}
rCorr   .            (gloves unavailable)
SInv    .            (boots unavailable)
Will    +....        o - amulet of magic regeneration
Stlth   ++           I - melded +6 ring of intelligence
HPRegen 1.21/turn    P - melded ring of poison resistance
MPRegen 0.59/turn

%: no passive effects
@: pig-form, slowed
A: fast, no casting, small, unfitting armour, (claws 3), regeneration 1, (shaggy
fur 1), (tough skin 1)
a: Renounce Religion


You were on level 13 of the Dungeon.
You worshipped Vehumet.
Vehumet was exalted by your worship.
You were a filthy swine.
You visited 4 branches of the dungeon, and saw 22 of its levels.
You also visited: Gauntlet.

You collected 1842 gold pieces.
You spent 756 gold pieces at shops.


Innate Abilities, Weirdness & Mutations

You are a filthy swine.
You move quickly.
Your equipment is almost entirely melded.
You are incapable of wielding weapons or throwing items.
You cannot cast spells.
You are too large for most types of armour.
((You have claws for hands.))
Your natural rate of healing is unusually fast.
((You are covered in fur. (AC +1)))
((You have tough skin. (AC +1)))


   Skills:
 + Level 3.6 Fighting
 + Level 4.6 Throwing
 - Level 2.0 Dodging
 - Level 2.0 Stealth
 + Level 3.3 Shields
 - Level 10.0 Unarmed Combat
 * Level 7.3 Spellcasting
 * Level 8.4 Conjurations
 - Level 4.0 Translocations
 * Level 6.6 Transmutations
 * Level 4.9 Fire Magic
 * Level 2.5 Ice Magic
 * Level 2.2 Air Magic
 * Level 10.6 Earth Magic
 * Level 5.1 Poison Magic
 + Level 4.5 Evocations
 - Level 6.5 Shapeshifting


You had 4 spell levels left.
You knew the following spells:

 Your Spells              Type           Power      Damage    Failure   Level
a - Passwall              Tmut/Erth      29%        N/A       1%          2
c - Stone Arrow           Conj/Erth      76%        3d11      1%          3
l - Lee's Rapid Deconstr  Erth           21%        3d12*     1%          5
v - Freezing Cloud        Conj/Ice/Air   10%        6-21      13%         5
x - Ignite Poison         Fire/Tmut/Pois 25%        N/A       1%          3
z - Olgreb's Toxic Radia  Pois           23%        N/A       3%          4
I - Blink                 Tloc           38%        N/A       3%          2

Your spell library contained the following spells:

 Spells                   Type           Power      Damage    Failure   Level
 Yara's Violent Unravell  Hex/Tmut       8%         3d5       21%         5
 Foxfire                  Conj/Fire      100%       2x1d9     1%          1
 Sandblast                Erth           84%        2d18      1%          1
 Sting                    Tmut/Pois      100%       1d8       1%          1
 Momentum Strike          Conj/Tloc      54%        3d9       1%          2
 Wereblood                Tmut           28%        N/A       1%          2
 Dazzling Flash           Conj/Hex       40%        N/A       1%          3
 Volatile Blastmotes      Fire/Tloc      42%        2d13      1%          3
 Brom's Barrelling Bould  Conj/Erth      38%        2d6       1%          4
 Lesser Beckoning         Tloc           38%        N/A       3%          2
 Petrify                  Tmut/Erth      35%        N/A       3%          4
 Ensorcelled Hibernation  Hex/Ice        20%        N/A       10%         2
 Airstrike                Air            7%         2d(1-17)  12%         4
 Leda's Liquefaction      Hex/Erth       12%        N/A       12%         4
 Jinxbite                 Hex            12%        N/A       17%         2
 Anguish                  Hex/Necr       3%         N/A       73%         4
 Animate Dead             Necr           6%         N/A       73%         4
 Iskenderun's Battlesphe  Conj           34%        2d9       2%          5
 Irradiate                Conj/Tmut      15%        3d16      4%          5
 Fireball                 Conj/Fire      14%        3d8       5%          5
 Arcjolt                  Conj/Air       12%        1d22      10%         5
 Bombard                  Conj/Erth      19%        9d4       10%         6
 Alistair's Intoxication  Tmut/Pois      17%        N/A       26%         5
 Starburst                Conj/Fire      14%        6d6       28%         6
 Eringya's Noxious Bog    Tmut/Pois      13%        4d6       36%         6
 Conjure Ball Lightning   Conj/Air       12%        3x3d6     41%         6
 Orb of Destruction       Conj           17%        9d7       56%         7
 Plasma Beam              Fire/Air       9%         2x1d19    65%         6
 Summon Forest            Summ/Tloc      6%         N/A       80%         5
 Silence                  Hex/Air        5%         N/A       89%         5
 Agony                    Necr           6%         N/A       97%         5
 Spellforged Servitor     Conj/Summ      10%        N/A       98%         7
 Haunt                    Necr/Summ      3%         N/A       100%        7
 Summon Hydra             Summ           3%         N/A       100%        7
 Discord                  Hex            3%         N/A       100%        8
 Ignition                 Fire           11%        3d5       100%        8
 Infestation              Necr           3%         N/A       100%        8
 Maxwell's Capacitive Co  Air            7%         ∞         100%        8
 Chain Lightning          Conj/Air       12%        3d16      100%        9
 Fire Storm               Conj/Fire      14%        8d4       100%        9
 Shatter                  Erth           21%        3d19*     100%        9

Inventory:

Hand Weapons
 k - the +4 hand axe "Nowaigaj" {freeze, *Rage rElec Int-2 Dex+4}
   (You found it on level 2 of the Dungeon)

   Int-2:     It affects your intelligence (-2).
   Dex+4:     It affects your dexterity (+4).
   rElec:     It insulates you from electricity.
   *Rage:     It berserks you when you make melee attacks (+20% chance).
 x - the +11 war axe of the Bursting Vulture {heavy, Dex+3 Stlth+}
   (You took it off a minotaur in a Gauntlet)

   Dex+3:     It affects your dexterity (+3).
   Stlth+:    It makes you more stealthy.
Missiles
 n - 14 large rocks {=f}
 C - 9 curare-tipped darts (quivered) {=f}
 D - 50 poisoned darts
 W - 6 datura-tipped darts
Armour
 a - a +2 robe of resistance (melded)
 g - a +2 troll leather armour
 N - a +1 cloak of willpower (melded)
 T - the +0 robe "Xinusafo" {Will+ rCorr Int+4}
   (You found it on level 8 of the Dungeon)

   Int+4:     It affects your intelligence (+4).
   Will+:     It increases your willpower.
   rCorr:     It protects you from acid and corrosion.
 Z - a +0 tower shield
Magical Staves
 Q - a staff of earth
Jewellery
 f - the ring of the Ego {rC++ Slay+4}
   (You found it in a Gauntlet)

   [ring of slaying]

   Slay+4:    It affects your accuracy & damage with ranged weapons and melee
   (+4).
   rC++:      It greatly protects you from cold.
 o - an amulet of magic regeneration (around neck)
 v - a ring of see invisible
 F - a ring of fire
 I - a +6 ring of intelligence (melded)
 L - a ring of flight
 O - a +4 ring of protection
 P - a ring of poison resistance (melded)
Talismans
 y - a dragon-blood talisman
 A - a granite talisman
 R - a talisman of death
Wands
 e - a wand of roots (11)
 j - a wand of light (7)
 p - a wand of flame (20)
 V - a wand of mindburst (8)
 X - a wand of paralysis (5)
Scrolls
 c - 13 scrolls of teleportation {@r4}
 h - a scroll of brand weapon
 i - 5 scrolls of immolation {!r}
 r - 2 scrolls of enchant weapon
 t - 2 scrolls of blinking
 u - 2 scrolls of fear
 z - 4 scrolls of poison {!r}
 G - a scroll of amnesia
 H - 2 scrolls of revelation
Potions
 b - 3 potions of magic
 d - 5 potions of ambrosia
 m - 3 potions of mutation {!q}
 q - 2 potions of haste {@q3}
 s - 2 potions of brilliance
 w - 3 potions of enlightenment
 B - a potion of invisibility
 E - 2 potions of heal wounds {@q2}
 J - 3 potions of might
 M - 5 potions of curing {@q1}
 S - 2 potions of resistance
 U - a potion of cancellation
Miscellaneous
 l - a phantom mirror
 K - a tin of tremorstones (2/2)
 Y - a phial of floods

Dungeon Overview and Level Annotations

Branches:
Dungeon (14/15)            Temple (1/1) D:6            Lair (5/5) D:8
  Swamp (0/4) Lair:3        Snake (0/4) Lair:3        Slime (0/5) Lair:4
    Orc (2/2) D:10            Elf (0/3) Orc:2        Vaults (0/5) D:13
Gauntlet (visited)

Altars:
Ashenzari
Cheibriados
Dithmenos
Elyvilon
Fedhas
Gozag
Hepliaklqana
Kikubaaqudgha
Makhleb
Nemelex Xobeh
Okawaru
Qazlal
Ru
Sif Muna
Trog
Uskayaw
Vehumet
Wu Jian
Xom
Yredelemnul
Zin
The Shining One
Jiyva

Shops:
D:6 ?   D:9 (   D:11 *   Orc:2 [*:

Portals:
Trove: D:10 (give 14 scrolls of teleportation)

Annotations:
D:4 3 runed translucent doors, odbg100's ghost, amateur MiFi
D:11 3 runed translucent doors, SecretSquirrel's ghost, journeyman MiGl; tbh1313's ghost, journeyman MiBe
D:13 Kirke
Lair:1 3 runed translucent doors, HilariousDeathArtist's ghost, journeyman DrWr

# # # #
########## #
#§○§H@h☼°# #
#.######§# #
#.#
#.##########
# #.#
#..........#
# #H#
##########.#
# #.# #.# #
#@# #.# #
#.# #.# #
#H# #.# #


You could see Kirke (extremely poisoned) and a manticore (summoned, extremely
poisoned).


Message History

You feel a momentary urge to oink.
Unknown command.
Kirke is engulfed in poison gas.
Kirke is poisoned.
Unknown command.
Kirke is engulfed in poison gas.
Kirke looks even sicker.
Unknown command.
The manticore is engulfed in poison gas.
The manticore is poisoned.
Kirke is engulfed in poison gas.
Kirke looks even sicker.
The manticore is engulfed in poison gas.
The manticore looks even sicker.
Kirke is engulfed in poison gas.
Kirke looks as sick as possible!
Kirke barely misses you.
Unknown command.
Okay, then.
The manticore is engulfed in poison gas.
The manticore looks even sicker.
Kirke looks as sick as possible!
Kirke hits you with a staff of fire!
* * * LOW HITPOINT WARNING * * *
Kirke burns you!!
* * * LOW HITPOINT WARNING * * *
Unknown command.
You feel better.
You carefully extract the barbed spikes from your body.
The manticore is engulfed in poison gas.
The manticore looks as sick as possible!
Kirke is engulfed in poison gas.
Kirke looks as sick as possible!
Kirke hits you with a staff of fire!
* * * LOW HITPOINT WARNING * * *
Kirke burns you!!
You die...

Skill      XL: |  1  2  3  4  5  6  7  8  9 10 11 12 13 14 15 |
---------------+----------------------------------------------+-----
Unarmed Combat | 1 2 3 4 5 6 7 8 9 10 | 10.0
Earth Magic    | 3 4 5 6 7 8 9 10 | 10.6
Spellcasting   | 2 3 4 5 6 7 |  7.3
Conjurations   | 1 2 3 4 5 6 7 8 |  8.4
Transmutations | 1 2 3 4 5 6 |  6.6
Shapeshifting  | 2 4 5 6 |  6.5
Evocations     | 1 2 3 4 |  4.5
Translocations | 1 2 3 4 |  4.0
Throwing       | 2 3 4 |  4.6
Fire Magic     | 1 3 4 |  4.9
Poison Magic   | 1 3 4 5 |  5.1
Stealth        | 2 |  2.0
Fighting       | 2 3 |  3.6
Dodging        | 2 |  2.0
Shields        | 1 2 3 |  3.3
Air Magic      | 1 2 |  2.2
Ice Magic      | 2 |  2.5

Action                     |  1- 3 |  4- 6 |  7- 9 | 10-12 | 13-15 || total
---------------------------+-------+-------+-------+-------+-------++-------
  Melee: Unarmed           |    70 |   100 |   204 |   266 |   180 ||   820
         Punch             |       |     2 |     2 |     4 |    11 ||    19
  Throw: Dart              |       |       |     3 |     6 |    11 ||    20
   Cast: Sandblast         |    28 |    15 |     6 |    13 |       ||    62
         Stone Arrow       |       |    13 |    72 |   235 |   179 ||   499
         Lee's Rapid Decon |       |       |       |    25 |    16 ||    41
         Passwall          |       |       |       |     2 |       ||     2
         Blink             |       |       |       |     4 |     4 ||     8
         Olgreb's Toxic Ra |       |       |       |    14 |   260 ||   274
         Ignite Poison     |       |       |       |     9 |   190 ||   199
         Freezing Cloud    |       |       |       |       |     2 ||     2
  Evoke: Wand              |       |       |       |    11 |     9 ||    20
         Phantom mirror    |       |       |       |     2 |       ||     2
    Use: Scroll            |       |     1 |     6 |     8 |    20 ||    35
         Potion            |       |       |     1 |     4 |     3 ||     8
   Stab: Sleeping          |       |     2 |       |       |     1 ||     3
         Distracted        |       |       |       |       |     1 ||     1
         Petrified         |       |       |       |       |     2 ||     2
 Armour: Robe              |    84 |    65 |   182 |   426 |   409 ||  1166
         Skin              |       |       |       |       |     6 ||     6
  Dodge: Dodged            |    61 |    44 |    97 |   209 |   206 ||   617

Levels and vault maps discovered:
D:1:      lightli_arrival_statue_moat, layout_basic, minmay_unequal
D:2:      cheibrodos_pilgrimage, layout_basic, serial_bayou_lake_a, uniq_sigmund
D:3:      layout_loops_ring, minivault_5, grunt_decor_arrowhead,
          chequers_serial_rivers_small_b
D:4:      layout_cave_pools, fedhas_altar_fruit_tree,
          mainiacjoe_overflow_divided_tiny, gammafunk_ghost_nasty_kobolds,
          nicolae_kite_square_tiling_tiny, hellmonk_no_cap, uniq_grinder
D:5:      layout_loops_ring
D:6:      layout_cave_pools, kennysheep_mini_moat, lemuel_round_altar,
          minmay_temple_entry_tees, serial_shops, shop,
          kennysheep_generic_room_6
D:7:      layout_basic, nicolae_phantomly_mirrored, uniq_maurice
D:8:      layout_loops_cross, nicolae_uskayaw_suspiria, david_lair_generic
D:9:      layout_grid_maze, grunt_temple_overflow_diamond, serial_shops, shop,
          corexii_leaking_fountain, due_unseen_surprise
D:10:     layout_cave_pools, mainiacjoe_overflow_alcove_1, hiddenorc2_lemuel,
          enter_trove_3, minivault_13
D:11:     layout_grid_maze, gammafunk_ghost_cemetery,
          nicolae_transmutations_shop, grunt_dithmenos_smoke
D:12:     layout_gridville, gauntlet_entry_generic
D:13:     layout_basic, hangedman_vaults_entry_quadrant_bands
D:14:     minmay_cut_squares, layout_rooms, minmay_misc_feat_four_crosses,
          uniq_kirke
Temple:   nicolae_temple_hex_pool
Lair:1:   layout_roguey, gammafunk_ghost_icy
Lair:2:   lemuel_reptile_caves, layout_chaotic_city
Lair:3:   layout_regular_city, nicolae_swamp_entry_spooky,
          guppyfry_snake_entry_garden
Lair:4:   layout_loops_ring, slime_entry_1, lemuel_fruit_fields
Lair:5:   grunt_lair_end_beastmaster, layout_loops_ring, special_room
          [special_room_bee]
Orc:1:    layout_diamond_mine, uniq_josephine
Orc:2:    pubby_orc_utopia

Notes
Turn   | Place    | Note
-------+----------+-------------------------------------------
     0 | D:1      | Jeffwins the Troll Earth Elementalist began the quest for
                  | the Orb.
     0 | D:1      | Reached XP level 1. HP: 16/16 MP: 1/1
   125 | D:1      | Reached XP level 2. HP: 24/24 MP: 3/3
   135 | D:1      | Reached skill level 1 in Unarmed Combat
   144 | D:1      | Reached skill level 3 in Earth Magic
   441 | D:1      | Reached XP level 3. HP: 31/31 MP: 4/4
   445 | D:1      | Learned a level 3 spell: Stone Arrow
   665 | D:2      | Identified a +2 robe of resistance
   665 | D:2      | Noticed Sigmund
  1117 | D:2      | Killed Sigmund
  1118 | D:2      | Reached skill level 2 in Unarmed Combat
  1118 | D:2      | Reached skill level 2 in Spellcasting
  1118 | D:2      | Reached skill level 1 in Conjurations
  1118 | D:2      | Reached XP level 4. HP: 39/39 MP: 1/6
  1118 | D:2      | Reached XP level 5. HP: 45/45 MP: 1/7
  1205 | D:2      | Learned a level 2 spell: Wereblood
  1403 | D:2      | Identified the +4 hand axe "Nowaigaj" {freeze, *Rage rElec
                  | Int-2 Dex+4}
  2103 | D:3      | Reached XP level 6. HP: 49/53 MP: 0/8
  2328 | D:3      | Identified the +1 leather armour "Davviqow" {Rampage rN+}
  2745 | D:4      | Noticed odbg100's ghost (amateur MiFi)
  2745 | D:4      | Found a runed translucent gate.
  2745 | D:4      | Found a runed translucent gate.
  2745 | D:4      | Found a runed translucent gate.
  2820 | D:4      | Reached skill level 3 in Unarmed Combat
  2830 | D:4      | Reached skill level 1 in Transmutations
  2960 | D:4      | Reached skill level 4 in Earth Magic
  3061 | D:4      | Reached skill level 2 in Conjurations
  3157 | D:4      | Noticed Grinder
  3165 | D:4      | Killed Grinder
  3166 | D:4      | Reached XP level 7. HP: 59/59 MP: 3/9
  3203 | D:4      | Found a snail-covered altar of Cheibriados.
  3203 | D:4      | Found a glowing silver altar of Zin.
  3277 | D:4      | Found a blossoming altar of Fedhas.
  3528 | D:5      | Entered Level 5 of the Dungeon
  3682 | D:5      | Reached skill level 4 in Unarmed Combat
  4188 | D:5      | Reached skill level 3 in Spellcasting
  4352 | D:6      | Found Seadog's Magic Scroll Boutique.
  4355 | D:6      | Reached XP level 8. HP: 67/67 MP: 5/11
  4381 | D:6      | Bought a scroll of noise for 13 gold pieces
  4381 | D:6      | Bought a scroll of identify for 26 gold pieces
  4381 | D:6      | Bought a scroll of immolation for 52 gold pieces
  4381 | D:6      | Bought a scroll of revelation for 97 gold pieces
  4383 | D:6      | Identified a scroll of acquirement
  4385 | D:6      | Acquired a +2 troll leather armour
  4398 | D:6      | Reached skill level 1 in Shapeshifting
  4448 | D:6      | Reached skill level 3 in Conjurations
  4448 | D:6      | Reached skill level 2 in Transmutations
  4547 | D:6      | Reached skill level 5 in Earth Magic
  4787 | D:6      | Found a basalt altar of Yredelemnul.
  4811 | D:6      | Found a staircase to the Ecumenical Temple.
  4821 | D:6      | Reached skill level 2 in Shapeshifting
  4838 | Temple   | Entered the Ecumenical Temple
  4841 | Temple   | Became a worshipper of Vehumet
  4852 | D:6      | Learned a level 5 spell: Lee's Rapid Deconstruction
  4983 | D:6      | Found a glowing golden altar of the Shining One.
  5004 | D:6      | Reached skill level 5 in Unarmed Combat
  5204 | D:7      | Reached XP level 9. HP: 47/74 MP: 4/13
  5333 | D:7      | Reached * piety under Vehumet
  5333 | D:7      | Offered knowledge of Freeze by Vehumet.
  5381 | D:7      | Reached skill level 3 in Shapeshifting
  5546 | D:7      | Reached skill level 4 in Conjurations
  5550 | D:7      | Noticed a two-headed ogre
  5553 | D:7      | Noticed Maurice
  5663 | D:7      | Noticed a two-headed ogre
  5676 | D:7      | Killed a two-headed ogre
  5677 | D:7      | Reached skill level 6 in Unarmed Combat
  5677 | D:7      | Reached skill level 4 in Spellcasting
  5677 | D:7      | Reached skill level 3 in Transmutations
  5677 | D:7      | Reached skill level 6 in Earth Magic
  5687 | D:7      | Killed Maurice
  5688 | D:7      | Reached skill level 4 in Shapeshifting
  5767 | D:7      | Killed a two-headed ogre
  5768 | D:7      | Reached XP level 10. HP: 60/81 MP: 3/15
  6274 | D:8      | Offered knowledge of Foxfire by Vehumet.
  6279 | D:8      | Reached ** piety under Vehumet
  6336 | D:8      | Found a staircase to the Lair.
  6355 | D:8      | Reached skill level 5 in Conjurations
  6469 | D:8      | Learned a level 2 spell: Blink
  6582 | D:8      | Reached skill level 7 in Unarmed Combat
  6582 | D:8      | Reached skill level 1 in Evocations
  6688 | D:8      | Found a hide-covered altar of Uskayaw.
  6715 | D:8      | Reached skill level 7 in Earth Magic
  6724 | D:8      | Reached skill level 5 in Shapeshifting
  6932 | D:8      | Identified the +0 robe "Xinusafo" {Will+ rCorr Int+4}
  7279 | D:9      | Learned a level 2 spell: Passwall
  7327 | D:9      | Offered knowledge of Static Discharge by Vehumet.
  7374 | D:9      | Found Maupucic's Weapon Boutique.
  7521 | D:9      | Reached skill level 1 in Translocations
  7590 | D:9      | Reached *** piety under Vehumet
  7876 | D:9      | Noticed a two-headed ogre
  7881 | D:9      | Killed a two-headed ogre
  7882 | D:9      | Reached XP level 11. HP: 88/88 MP: 8/17
  7930 | D:9      | Found an opulent altar of Gozag.
  7934 | D:9      | Found an ancient bone altar of Kikubaaqudgha.
  7937 | D:9      | Found a hazy altar of Hepliaklqana.
  8295 | D:10     | Entered Level 10 of the Dungeon
  8382 | D:10     | Reached skill level 5 in Spellcasting
  8411 | D:10     | Offered knowledge of Airstrike by Vehumet.
  8634 | D:10     | Found a burning altar of Makhleb.
  8718 | D:10     | Found a portal to a secret trove of treasure.
  8792 | D:10     | Reached **** piety under Vehumet
  8843 | D:10     | Found a runed translucent door.
  8844 | D:10     | Noticed a five-headed hydra
  8876 | D:10     | Noticed a boulder beetle
  8890 | D:10     | Killed a boulder beetle
  8962 | D:10     | Killed a five-headed hydra
  8963 | D:10     | Reached skill level 4 in Transmutations
  9033 | D:10     | Noticed an orc knight
  9042 | D:10     | Killed an orc knight
  9279 | D:10     | Noticed a five-headed hydra
  9279 | D:10     | Noticed a great orb of eyes
  9288 | D:10     | Killed a great orb of eyes
  9289 | D:10     | Reached skill level 8 in Unarmed Combat
  9289 | D:10     | Reached skill level 2 in Evocations
  9289 | D:10     | Reached skill level 6 in Shapeshifting
  9289 | D:10     | Killed a five-headed hydra
  9290 | D:10     | Reached skill level 2 in Translocations
  9292 | D:10     | Offered knowledge of Inner Flame by Vehumet.
  9389 | D:10     | Reached skill level 6 in Conjurations
  9389 | D:10     | Reached skill level 8 in Earth Magic
  9548 | D:10     | Found a staircase to the Orcish Mines.
 10092 | D:11     | Found a runed translucent gate.
 10093 | D:11     | Found a runed translucent gate.
 10093 | D:11     | Found a runed translucent gate.
 10094 | D:11     | Noticed tbh1313's ghost (journeyman MiBe)
 10094 | D:11     | Noticed SecretSquirrel's ghost (journeyman MiGl)
 10205 | D:11     | HP: 8/88 [yak (4)]
 10298 | D:11     | Found a shadowy altar of Dithmenos.
 10340 | D:11     | Found Hitzyer's Changing Room.
 10358 | D:11     | Bought Bonuyth's Almanac of Transmogrification for 312 gold
                  | pieces
 10363 | D:11     | Learned a level 4 spell: Olgreb's Toxic Radiance
 10659 | D:12     | Reached XP level 12. HP: 95/96 MP: 12/19
 10663 | D:12     | Noticed a seven-headed hydra
 10764 | D:12     | Noticed a two-headed ogre
 10765 | D:12     | Noticed a two-headed ogre
 10766 | D:12     | Reached skill level 1 in Throwing
 10796 | D:12     | Killed a two-headed ogre
 10821 | D:12     | Killed a two-headed ogre
 10826 | D:12     | Learned a level 3 spell: Ignite Poison
 10905 | D:12     | Found a gate leading to a gauntlet.
 10917 | Gauntlet | Entered a Gauntlet
 10917 | Gauntlet | Found a transporter.
 10917 | Gauntlet | Found a transporter.
 10917 | Gauntlet | Found a runed translucent gate.
 10917 | Gauntlet | Found a runed translucent gate.
 10923 | Gauntlet | Found a transporter.
 10935 | Gauntlet | Found a transporter.
 10953 | Gauntlet | Found a transporter.
 10953 | Gauntlet | Found a transporter.
 10955 | Gauntlet | Found a transporter.
 10956 | Gauntlet | Found a transporter.
 10957 | Gauntlet | Noticed a dire elephant
 10968 | Gauntlet | Found a transporter.
 10983 | Gauntlet | Found a transporter.
 10986 | Gauntlet | Noticed a quicksilver ooze
 10993 | Gauntlet | Found a transporter.
 11008 | Gauntlet | Found a transporter.
 11027 | Gauntlet | Found a transporter.
 11027 | Gauntlet | Found a transporter.
 11029 | Gauntlet | Found a runed translucent gate.
 11060 | Gauntlet | Identified the ring of the Ego {rC++ Slay+4}
 11116 | Gauntlet | HP: 8/96 [cyan ugly thing (14)]
 11230 | Gauntlet | Reached skill level 9 in Unarmed Combat
 11230 | Gauntlet | Reached skill level 1 in Fire Magic
 11230 | Gauntlet | Reached skill level 1 in Poison Magic
 11231 | Gauntlet | Killed a dire elephant
 11232 | Gauntlet | Reached skill level 2 in Throwing
 11232 | Gauntlet | Reached skill level 3 in Evocations
 11303 | Gauntlet | Identified the +11 war axe of the Bursting Vulture {heavy,
                  | Dex+3 Stlth+}
 11303 | Gauntlet | Noticed a minotaur
 11312 | Gauntlet | Killed a minotaur
 11364 | Gauntlet | Got the Parchment of Terrestrial Weather
 11434 | D:12     | Noticed a two-headed ogre
 11445 | D:12     | Killed a two-headed ogre
 11446 | D:12     | Reached skill level 6 in Spellcasting
 11504 | D:12     | Killed a seven-headed hydra
 11532 | D:12     | Reached ***** piety under Vehumet
 11532 | D:12     | Offered knowledge of Ozocubu's Refrigeration by Vehumet.
 11677 | D:12     | Reached skill level 3 in Translocations
 11844 | D:13     | Noticed a tengu warrior
 11862 | D:13     | Killed a tengu warrior
 11863 | D:13     | Reached skill level 2 in Stealth
 11870 | D:13     | Noticed a boulder beetle
 11892 | D:13     | Killed a boulder beetle
 11969 | D:13     | Noticed a centaur warrior
 11972 | D:13     | Killed a centaur warrior
 12122 | D:13     | Noticed a two-headed ogre
 12126 | D:13     | Reached XP level 13. HP: 89/104 MP: 16/21
 12129 | D:13     | Reached skill level 2 in Fire Magic
 12129 | D:13     | Reached skill level 9 in Earth Magic
 12129 | D:13     | Reached skill level 2 in Poison Magic
 12240 | D:12     | Reached skill level 7 in Conjurations
 12319 | D:13     | Reached skill level 1 in Fighting
 12319 | D:13     | Reached skill level 2 in Dodging
 12833 | D:13     | Found a gate to the Vaults.
 12886 | D:13     | Identified 2 potions of resistance
 13214 | Orc:1    | Entered Level 1 of the Orcish Mines
 13218 | Orc:1    | Reached skill level 5 in Transmutations
 13350 | Orc:2    | Entered Level 2 of the Orcish Mines
 13531 | Orc:2    | Noticed an orc warlord
 13546 | Orc:2    | Killed an orc warlord
 13547 | Orc:2    | Reached skill level 3 in Throwing
 13721 | Orc:1    | Offered knowledge of Yara's Violent Unravelling by Vehumet.
 13803 | Orc:1    | Reached skill level 3 in Poison Magic
 13826 | Orc:1    | Noticed Josephine
 13831 | Orc:1    | Killed Josephine
 13835 | Orc:1    | Noticed an orc warlord
 13838 | Orc:1    | Reached skill level 3 in Fire Magic
 13860 | Orc:1    | Killed an orc warlord
 13861 | Orc:1    | Reached skill level 2 in Fighting
 14516 | Orc:2    | Reached skill level 10 in Unarmed Combat
 14517 | Orc:2    | Paralysed by an orc sorcerer for 3 turns
 14631 | Orc:2    | Found a staircase to the Elven Halls.
 14701 | Orc:2    | Reached skill level 1 in Shields
 14701 | Orc:2    | Reached XP level 14. HP: 53/117 MP: 5/22
 14822 | Orc:2    | Offered knowledge of Freezing Cloud by Vehumet.
 14901 | Orc:2    | Found Emoydez's Armour Shoppe.
 14943 | Orc:2    | Noticed an orc warlord
 14963 | Orc:2    | Killed an orc warlord
 15187 | Orc:2    | Found Leukluz's General Store.
 15367 | Orc:2    | Found Tatz's Book Boutique.
 15433 | Orc:2    | Found Naogia's Magic Scroll Shop.
 15441 | Orc:2    | Bought a scroll of identify for 32 gold pieces
 15441 | Orc:2    | Bought a scroll of teleportation for 48 gold pieces
 15441 | Orc:2    | Bought a scroll of teleportation for 48 gold pieces
 15441 | Orc:2    | Bought a scroll of identify for 32 gold pieces
 15441 | Orc:2    | Bought a scroll of identify for 32 gold pieces
 15441 | Orc:2    | Bought a scroll of identify for 32 gold pieces
 15441 | Orc:2    | Bought a scroll of identify for 32 gold pieces
 15516 | Orc:2    | Noticed an orc warlord
 15524 | Orc:2    | Killed an orc warlord
 15996 | Lair:1   | Entered Level 1 of the Lair of Beasts
 16044 | Lair:1   | Offered knowledge of Freezing Cloud by Vehumet.
 16076 | Lair:1   | Reached skill level 10 in Earth Magic
 16210 | Lair:1   | Reached skill level 4 in Evocations
 16219 | Lair:1   | Reached skill level 4 in Poison Magic
 16350 | Lair:1   | Found a runed translucent gate.
 16374 | Lair:1   | Found a runed translucent gate.
 16374 | Lair:1   | Found a runed translucent gate.
 16570 | Lair:1   | Reached skill level 2 in Shields
 16658 | Lair:1   | Noticed HilariousDeathArtist's ghost (journeyman DrWr)
 16781 | Lair:2   | Reached skill level 4 in Fire Magic
 16784 | Lair:2   | Reached skill level 4 in Translocations
 17178 | Lair:2   | Reached skill level 3 in Fighting
 17178 | Lair:2   | Reached skill level 7 in Spellcasting
 17186 | Lair:2   | Learned a level 5 spell: Freezing Cloud
 17562 | Lair:2   | Reached skill level 6 in Transmutations
 17959 | Lair:3   | Found a staircase to the Snake Pit.
 18073 | Lair:3   | Reached skill level 4 in Throwing
 18073 | Lair:3   | Reached skill level 8 in Conjurations
 18479 | Lair:3   | Reached ****** piety under Vehumet
 18617 | Lair:3   | Reached skill level 1 in Air Magic
 18617 | Lair:3   | Reached XP level 15. HP: 114/127 MP: 13/24
 18652 | Lair:3   | Found a staircase to the Swamp.
 18669 | Lair:4   | Reached skill level 1 in Ice Magic
 19642 | Lair:4   | Offered knowledge of Yara's Violent Unravelling by Vehumet.
 19962 | Lair:4   | Found a staircase to the Slime Pits.
 19967 | Lair:4   | Found a viscous altar of Jiyva.
 20175 | Lair:4   | Identified the +1 chain mail of the Mauling Gods {*Slow
                  | Str+6}
 20183 | Lair:5   | Entered Level 5 of the Lair of Beasts
 20656 | Lair:5   | Reached skill level 3 in Shields
 20876 | Lair:5   | Reached skill level 2 in Ice Magic
 21325 | Lair:5   | Offered knowledge of Yara's Violent Unravelling by Vehumet.
 21368 | Lair:5   | Reached skill level 2 in Air Magic
 21409 | Lair:5   | Reached skill level 5 in Poison Magic
 21475 | Lair:5   | Identified the +2 robe of the Painted Sunfish {Stlth+}
 22044 | D:14     | Noticed Kirke
 22125 | D:13     | Slain by Kirke

Vanquished Creatures
  4 orc warlords
  A dire elephant (Gauntlet)
  A minotaur (Gauntlet)
  Josephine (Orc:1)
  7 hydras
  A ghost crab (Lair:3)
  A great orb of eyes (D:10)
  3 centaur warriors
  4 boulder beetles
  3 catoblepae
  8 death yaks (Lair:5)
  2 ogre magi
  11 two-headed ogres
  A deep troll shaman (Lair:5)
  A tengu warrior (D:13)
  5 orc high priests (Orc:2)
  A skyshark (Lair:2)
  A skeletal warrior (D:13)
  A glowing orange brain (Gauntlet)
  A spectral hydra (Lair:3)
  A deep elf archer (D:13)
  2 lindwurms
  5 orc knights
  A deep elf zephyrmancer (D:13)
  5 orc sorcerers (Orc:2)
  3 deep elf pyromancers
  4 ugly things
  An oklob plant (Lair:3)
  2 manticores
  4 cyclopes
  Maurice (D:7)
  7 elephants
  6 black mambas
  A torpor snail (Lair:4)
  2 gargoyles
  13 cane toads
  3 centaur skeletons (D:13)
  12 komodo dragons
  An unseen horror (D:12)
  4 kobold demonologists
  4 rime drakes
  A spectral skyshark (Lair:3)
  A queen bee (Lair:5)
  2 trolls
  3 meliai (Lair:5)
  3 hornets
  A tarantella (shapeshifter) (D:14)
  4 polar bears (Lair:5)
  13 blink frogs
  Grinder (D:4)
  8 dream sheep (Lair:5)
  Sigmund (D:2)
  A shadow (D:11)
  5 flying skulls (Gauntlet)
  37 yaks
  2 vampires
  5 wyverns
  10 wraiths
  A hog (D:14)
  6 basilisks
  A steam dragon (D:6)
  3 vampire mosquitoes (D:11)
  An acid dragon (D:10)
  8 wargs
  A naga (Lair:3)
  12 water moccasins
  A sky beast (D:6)
  49 orc warriors
  4 ice beasts
  3 black bears
  14 ogres
  5 centaurs
  2 boggarts (D:7)
  9 wolves
  2 phantoms
  8 kobold brigands
  3 gnoll sergeants
  14 bullfrogs
  4 scorpions
  13 wights
  33 killer bees
  2 electric eels (Lair:2)
  A lava snake (D:8)
  2 hounds
  2 gnoll boudas
  30 orc priests
  3 sleepcaps
  A jelly (D:7)
  4 hell rats (Lair:4)
  18 iguanas
  26 orc wizards
  A boggart skeleton (D:13)
  14 gnolls
  7 adders
  A shadow imp (D:7)
  A white imp (D:8)
  A worm (D:3)
  2 dart slugs
  145 orcs
  7 ball pythons
  5 bats
  9 endoplasms
  7 giant cockroaches
  5 goblins
  10 hobgoblins
  3 jackals (D:1)
  25 kobolds
  3 quokkas
  16 frilled lizards
  6 rats
  A butterfly (Lair:4)
793 creatures vanquished.

Vanquished Creatures (collateral kills)
  An ugly thing (D:12)
  2 howler monkeys (D:13)
3 creatures vanquished.

Vanquished Creatures (others)
  An iguana (Lair:2)
  2 frilled lizards (Lair:2)
3 creatures vanquished.

Grand Total: 799 creatures vanquished

Table legend: (Time is in decaauts)
 A = Elapsed time spent in this place.
 B = Non-inter-level travel time spent in this place.
 C = Inter-level travel time spent in this place.
 D = Time resting spent in this place.
 E = Time spent auto-exploring this place.
 F = Levels seen in this place.
 G = Mean time per level.
                   A        B        C        D        E       F      G
               +--------+--------+--------+--------+--------+-----+--------+
         Total |  22161 |  20804 |   1357 |   1631 |  14432 |  23 |  963.5 |
       Dungeon |  13252 |  12348 |    904 |   1153 |   8317 |  14 |  946.6 |
        Temple |      6 |      4 |      2 |      0 |      0 |   1 |    6.0 |
          Lair |   5445 |   5190 |    255 |    217 |   3975 |   5 | 1089.0 |
  Orcish Mines |   2959 |   2763 |    196 |    143 |   1949 |   2 | 1479.5 |
      Gauntlet |    498 |    498 |      0 |    118 |    191 |   1 |  498.0 |
               +--------+--------+--------+--------+--------+-----+--------+

Top non-repeatable levels by time:
   Orc:2: 2247 daAuts
    D:10: 1557 daAuts
  Lair:5: 1510 daAuts
     D:9: 1361 daAuts
    D:11: 1186 daAuts
  Lair:2: 1161 daAuts
  Lair:3: 1148 daAuts
     D:7: 1107 daAuts
    D:13: 1089 daAuts
     D:2: 1005 daAuts
     D:3: 935 daAuts
     D:8: 918 daAuts
     D:1: 908 daAuts
    D:12: 882 daAuts
  Lair:1: 847 daAuts

Table legend:
 A = Non-vault XP
 B = Vault XP
 C = Vault XP percentage of total XP
 D = Non-vault monster count
 E = Vault monster count
 F = Vault count percentage of total count
                 A         B        C        D         E       F
            +---------+---------+-------+---------+---------+-------
      Total |   69029 |   69071 |  50.0 |     454 |     342 |  43.0
            +---------+---------+-------+---------+---------+-------
        D:1 |      35 |       8 |  18.6 |      21 |       5 |  19.2
        D:2 |      23 |     273 |  92.2 |      15 |       4 |  21.1
        D:3 |      65 |       0 |   0.0 |      18 |       0 |   0.0
        D:4 |     179 |     351 |  66.2 |      23 |       3 |  11.5
        D:5 |     465 |       0 |   0.0 |      19 |       0 |   0.0
        D:6 |    1120 |      36 |   3.1 |      19 |       1 |   5.0
        D:7 |    1328 |    2387 |  64.3 |      32 |       5 |  13.5
        D:8 |    1861 |     679 |  26.7 |      28 |       4 |  12.5
        D:9 |    2865 |     266 |   8.5 |      28 |       2 |   6.7
       D:10 |    1892 |    5497 |  74.4 |      19 |      37 |  66.1
       D:11 |    2496 |       0 |   0.0 |      17 |       0 |   0.0
       D:12 |    8044 |       0 |   0.0 |      23 |       0 |   0.0
       D:13 |    6705 |    7931 |  54.2 |      17 |      19 |  52.8
       D:14 |    1474 |    1320 |  47.2 |       2 |       3 |  60.0
     Lair:1 |    4431 |       0 |   0.0 |      17 |       0 |   0.0
     Lair:2 |    7667 |    2314 |  23.2 |      24 |      30 |  55.6
     Lair:3 |    8645 |    2510 |  22.5 |      35 |       5 |  12.5
     Lair:4 |    5553 |       0 |   0.0 |      26 |       0 |   0.0
     Lair:5 |   10929 |   12641 |  53.6 |      28 |      45 |  61.6
      Orc:1 |    3252 |    1727 |  34.7 |      43 |       5 |  10.4
      Orc:2 |       0 |   25136 | 100.0 |       0 |     162 | 100.0
   Gauntlet |       0 |    5995 | 100.0 |       0 |      12 | 100.0
            +---------+---------+-------+---------+---------+-------
